 Dungeon Crawl Stone Soup version 0.31-a0-1074-g0b22e4e0f1 (webtiles) character file.

Game seed: 2242693549743008371

1106 tbh1313 the Cleaver (level 8, -1/88 (109) HPs)
             Began as a Minotaur Berserker on Dec 1, 2023.
             Was a Priest of Trog.
             Slain by Edmund
             ... wielding a +2 flail of draining
              (9 damage)
             ... on level 5 of the Dungeon.
             The game lasted 00:11:41 (5429 turns).

tbh1313 the Cleaver (Minotaur Berserker)            Turns: 5429, Time: 00:11:41

HP:   -1/88 (109)   AC:  3    Str: 22    XL:     8   Next: 11%
MP:   7/7           EV: 11    Int:  6    God:    Trog [***...]
Gold: 110           SH:  0    Dex: 10    Spells: 7/7 levels left

rFire   . . .        a - +0 hand axe (flame)
rCold   . . .        (no shield)
rNeg    . . .        k - +0 leather armour
rPois   .            (helmet restricted)
rElec   .            (no cloak)
rCorr   .            (no gloves)
SInv    .            (no boots)
Will    .....        (no amulet) Stlth
                     (no ring)
HPRegen 0.34/turn    (no ring)
MPRegen 0.10/turn

%: no passive effects
@: berserking, studying 2 skills, heavily drained, very quick
A: horns 2, retaliatory headbutt
a: Renounce Religion, Berserk, Trog's Hand


You were on level 5 of the Dungeon.
You worshipped Trog.
Trog was most pleased with you.
You visited 1 branch of the dungeon, and saw 6 of its levels.

You collected 230 gold pieces.
You spent 120 gold pieces at shops.

Inventory:

Hand Weapons
 a - a +0 hand axe of flaming (weapon)
 b - a +0 orcbow
 f - a +0 war axe
 r - a +0 executioner's axe
Missiles
 e - 3 throwing nets
Armour
 k - a +0 leather armour (worn)
Wands
 i - a wand of flame (9)
 j - a wand of roots (6)
 o - a wand of polymorph (8)
Scrolls
 l - a scroll of blinking {unknown}
 m - a scroll of brand weapon
 n - a scroll of vulnerability
 q - a scroll of fog
 s - a scroll of enchant armour {unknown}
Potions
 c - a potion of might
 d - 3 potions of lignification
 g - a potion of cancellation
 h - a potion of heal wounds
 p - a potion of mutation


   Skills:
 + Level 7.2 Fighting
 * Level 9.6 Axes
 + Level 4.3 Ranged Weapons
 - Level 4.4 Armour
 - Level 2.1 Dodging


You had 7 spell levels left.
You didn't know any spells.
Your spell library contained the following spells:

 Spells                   Type           Power      Damage    Failure   Level
 Kiss of Death            Conj/Necr      0%         2d5       50%         1
 Necrotise                Necr           0%         1d4       50%         1
 Slow                     Hex            0%         N/A       50%         1
 Ensorcelled Hibernation  Hex/Ice        0%         N/A       65%         2
 Lesser Beckoning         Tloc           0%         N/A       65%         2
 Passwall                 Tmut/Erth      0%         N/A       65%         2
 Poisonous Vapours        Pois/Air       0%         N/A       65%         2
 Confusing Touch          Hex            0%         N/A       86%         3
 Gell's Gravitas          Tloc           0%         N/A       86%         3
 Inner Flame              Hex/Fire       0%         N/A       86%         3
 Mephitic Cloud           Conj/Pois/Air  0%         N/A       86%         3
 Sigil of Binding         Hex            0%         N/A       86%         3
 Swiftness                Air            0%         N/A       86%         3
 Vampiric Draining        Necr           0%         2d6       86%         3
 Dispel Undead            Necr           0%         3d6       99%         4
 Flame Wave               Conj/Fire      0%         2d4       99%         4
 Passage of Golubria      Tloc           0%         N/A       99%         4
 Sticky Flame             Conj/Fire      0%         2d3       99%         4
 Freezing Cloud           Conj/Ice/Air   0%         6-21      100%        5
 Summon Forest            Summ/Tloc      0%         N/A       100%        5
 Conjure Ball Lightning   Conj/Air       0%         3x3d6     100%        6


Dungeon Overview and Level Annotations

Branches:
Dungeon (6/15)             Temple (0/1) D:5

Altars:
Elyvilon

Shops:
D:5 *

Annotations:
D:5 Edmund


Innate Abilities, Weirdness & Mutations

You have a pair of horns on your head.
You reflexively headbutt those who attack you in melee.


Message History

The gnoll hits you from afar with a +0 halberd.
* * * LOW HITPOINT WARNING * * *
A mysterious force pulls you upwards. The hatch slams shut behind you.
A red film seems to cover your vision as you go berserk!
You feel yourself moving faster!
You feel mighty! Edmund barely misses you.
You completely miss Edmund. You hit Edmund. You burn Edmund.
Edmund is lightly wounded.
Edmund hits you with a +2 flail of draining.
* * * LOW HITPOINT WARNING * * *
You feel drained.
* * * LOW HITPOINT WARNING * * *
You hit Edmund but do no damage.
Edmund is lightly wounded.
You hit Edmund. You burn Edmund.
Edmund is lightly wounded.
Edmund hits you with a +2 flail of draining!
* * * LOW HITPOINT WARNING * * *
You feel drained.
* * * LOW HITPOINT WARNING * * *
You hit Edmund but do no damage.
Edmund is lightly wounded.
You slash Edmund! You burn Edmund. You headbutt Edmund.
Edmund is heavily wounded.
Edmund hits you with a +2 flail of draining!
* * * LOW HITPOINT WARNING * * *
You feel drained.
* * * LOW HITPOINT WARNING * * *
You barely miss Edmund. You headbutt Edmund!
Edmund is severely wounded.
You hit Edmund but do no damage. Your headbutt misses Edmund.
Edmund is severely wounded.
Edmund completely misses you.
You closely miss Edmund.
Edmund is severely wounded.
You barely miss Edmund.
Edmund is severely wounded.
Edmund hits you with a +2 flail of draining!
You die...
Edmund says, "I'd like to see a scythe do that!"

###.........#.# #...# ##...
###..⌠...⌠..#.####...##
####.#
#.............##......#
#.....
#.#.........####.#....###
#.##.# ..##.##.##.##
#.#......# #.##..
.....##.##.# #.#....#.#
#.#### #######.##.##
#......#.# #.####
#.....####.@....#.# #.....
###.......@..#..#.#########
#...######...........###
##.## ##.#####......# ##.#
#.# #.##.#.# #..# #.#
#.##.#.# #.## ###.###
#.##...# #)# #.....#
#.####.# #.# #.....#
#.####.# #.# #.....#
#......#


You could see Edmund.

Levels and vault maps discovered:
D:1:      lemuel_arrival_broad_hall, layout_loops_ring,
          shapermc_ecumenical_altar_ellora,
          nicolae_concentric_dashed_squares_mild
D:2:      layout_loops_ring
D:3:      layout_loops_ring, chequers_big_river,
          wander_ebering_terrifying_dragon_lair, uniq_ijyb
D:4:      layout_basic, mainiacjoe_overflow_boulevard,
          serial_library_regret_index_headful
D:5:      layout_loops_cross, minmay_temple_entry_large_hall, minmay_shop_mass,
          kennysheep_path_1, dk_rats_in_the_wall, uniq_sigmund
D:6:      layout_basic, chequers_decorated_corner, uniq_jeremiah, uniq_edmund

Notes
Turn   | Place    | Note
-------+----------+-------------------------------------------
     0 | D:1      | tbh1313 the Minotaur Berserker began the quest for the Orb.
     0 | D:1      | Reached XP level 1. HP: 19/19 MP: 0/0
   172 | D:1      | Reached skill level 4 in Axes
   178 | D:1      | Reached XP level 2. HP: 27/27 MP: 1/1
   448 | D:1      | Found a faded altar of an unknown god.
   822 | D:2      | Reached XP level 3. HP: 33/33 MP: 2/2
   888 | D:2      | Reached ** piety under Trog
  1085 | D:2      | Reached skill level 5 in Axes
  1440 | D:3      | Reached XP level 4. HP: 41/41 MP: 3/3
  1445 | D:3      | Reached skill level 6 in Axes
  1446 | D:3      | Reached XP level 5. HP: 34/47 MP: 4/4
  1448 | D:3      | Reached skill level 5 in Fighting
  1744 | D:3      | You fall into a shaft and drop 2 floors!
  1744 | D:5      | Entered Level 5 of the Dungeon
  1744 | D:5      | Found a staircase to the Ecumenical Temple.
  2000 | D:3      | Noticed Ijyb
  2010 | D:3      | Killed Ijyb
  2312 | D:3      | Reached skill level 7 in Axes
  2312 | D:3      | Reached XP level 6. HP: 45/56 MP: 5/5
  2696 | D:4      | Found a white marble altar of Elyvilon.
  3084 | D:4      | Reached *** piety under Trog
  3119 | D:4      | Got the Quarto of the Five Xeniums
  3122 | D:4      | Got Zevvu's Directory of the Traveller
  3256 | D:4      | Identified 2 scrolls of acquirement
  3292 | D:4      | Acquired a manual of Ranged Weapons
  3335 | D:4      | Reached skill level 8 in Axes
  3357 | D:4      | Reached XP level 7. HP: 20/61 MP: 6/6
  3457 | D:4      | Acquired a manual of Fighting
  3935 | D:5      | Noticed Sigmund
  3948 | D:5      | Killed Sigmund
  4214 | D:5      | Reached skill level 9 in Axes
  4752 | D:5      | Found Warave's Mass Market.
  4764 | D:5      | Reached XP level 8. HP: 46/71 MP: 7/7
  4959 | D:5      | Bought a +0 executioner's axe for 120 gold pieces
  5410 | D:6      | Noticed Edmund
  5425 | D:5      | HP: 7/88 [Edmund/+2 flail of draining (5)]
  5429 | D:5      | Slain by Edmund

Table legend: (Time is in decaauts)
 A = Elapsed time spent in this place.
 B = Non-inter-level travel time spent in this place.
 C = Inter-level travel time spent in this place.
 D = Time resting spent in this place.
 E = Time spent auto-exploring this place.
 F = Levels seen in this place.
 G = Mean time per level.
                   A        B        C        D        E       F      G
               +--------+--------+--------+--------+--------+-----+--------+
         Total |   5525 |   5274 |    251 |   1113 |   3436 |   6 |  920.8 |
       Dungeon |   5525 |   5274 |    251 |   1113 |   3436 |   6 |  920.8 |
               +--------+--------+--------+--------+--------+-----+--------+

Top non-repeatable levels by time:
     D:5: 1461 daAuts
     D:3: 1327 daAuts
     D:4: 1022 daAuts
     D:2: 738 daAuts
     D:1: 711 daAuts
     D:6: 264 daAuts

Table legend:
 A = Kills in this place as a percentage of kills in the entire game.
 B = Kills by you in this place as a percentage of kills by you in the entire game.
 C = Kills by friends in this place as a percentage of kills by friends in the entire game.
 D = Other kills in this place as a percentage of other kills in the entire game.
 E = Experience gained in this place as a percentage of experience gained in the entire game.
 F = Experience gained in this place divided by the number of levels of this place that you have seen.
                   A       B       C       D       E      F
               +-------+-------+-------+-------+-------+----------------------
         Total | 100.0 | 100.0 |   N/A |   N/A | 100.0 | 263.5
       Dungeon | 100.0 | 100.0 |   N/A |   N/A | 100.0 | 263.5
               +-------+-------+-------+-------+-------+----------------------

Action                     |  1- 3 |  4- 6 |  7- 9 || total
---------------------------+-------+-------+-------++-------
  Melee: Hand axe          |    69 |   133 |    79 ||   281
         Headbutt          |     8 |    20 |    11 ||    39
         Punch             |     1 |     1 |       ||     2
         Unarmed           |       |       |     8 ||     8
   Fire: Orcbow            |       |       |    15 ||    15
         Sling             |       |       |     4 ||     4
 Invoke: Berserk           |     1 |     4 |     7 ||    12
         Trog's Hand       |       |     1 |     1 ||     2
    Use: Scroll            |     6 |     7 |     2 ||    15
   Stab: Sleeping          |     1 |       |       ||     1
 Armour: Animal skin       |    35 |    28 |       ||    63
         Leather armour    |       |    53 |    61 ||   114
         Skin              |       |       |     5 ||     5
  Dodge: Dodged            |    29 |    59 |    46 ||   134

Vanquished Creatures
  Sigmund (D:5)
  An ogre (D:5)
  A scorpion (D:5)
  2 hounds (D:5)
  6 orc priests
  Ijyb (D:3)
  A gnoll bouda (D:5)
  An iguana (D:4)
  6 orc wizards
  16 gnolls
  4 adders
  3 shadow imps
  2 white imps
  2 worms
  A dart slug (D:5)
  18 orcs
  4 endoplasms (D:1)
  6 giant cockroaches
  9 goblins
  3 hobgoblins
  4 jackals (D:3)
  5 kobolds
  4 quokkas
  7 ball pythons
  7 bats
  4 frilled lizards
  7 rats
126 creatures vanquished.
